cohdb
Replays
Latest Replays
All Replays
Popular Replays
Top Player Replays
Match Explorer
How It Works
Community
CoH3 Stats
Reddit
Sign in to upload your games and track your stats! →
Sign in with Steam
Match 40485925
Unlisted
Match 40485925
Overview
Messages
Build Orders
End
Construct Barracks
Riflemen Squad
Riflemen Squad
Riflemen Squad
Grenade Package
Construct Weapon Support Center
Engineer Squad
Selects Assault Carriers
Mechanized Support Center
Bazooka Squad
Selects Halftrack Strongpoints
M3 Assault Carrier
Construct Medical Station
Construct Motor Pool
Improved M9 Bazooka Rockets
M1918 Browning Automatic Rifles
M1 Anti-tank Gun Team
Engineer Squad
Improvised Armor
M1 Anti-tank Gun Team
M1 Anti-tank Gun Team
Construct Tank Depot
M1919 Machine Gun Team
Riflemen Squad
M4A1 Sherman Medium Tank
M1 Anti-tank Gun Team
Selects M26 Pershing Heavy Tank
Selects M2HB .50cal Heavy Machine Gun
Selects Special Operations Battlegroup
Selects Heavy Weapons
CPU - Standard
CPU - Standard
CPU - Standard
DirtyDan
teb
Demonision
0
0
Comments
sign in to comment!
No comments posted yet!